 Dungeon Crawl Stone Soup version 0.23.0 (webtiles) character file.

Game seed: 3452493032218109664

222 MalarOregon the Poker (level 5, -11/42 HPs)
             Began as a Merfolk Fighter on Feb 14, 2019.
             Mangled by an ogre
             ... wielding a cursed -2 giant club
              (19 damage)
             ... on level 4 of the Dungeon.
             The game lasted 00:03:24 (2860 turns).

MalarOregon the Poker (Merfolk Fighter)             Turns: 2860, Time: 00:03:25

Health: -11/42     AC:  6    Str: 16    XL:     5   Next: 99%
Magic:  5/5        EV:  7    Int:  8    God:
Gold:   214        SH:  9    Dex: 14    Spells: 4/4 levels left

rFire    . . .     SeeInvis .   a - +0 trident
rCold    + . .     Gourm    .   c - +0 shield
rNeg     . . .     Faith    .   b - +0 scale mail
rPois    .         Spirit   .   (no helmet)
rElec    .         Reflect  .   (no cloak)
rCorr    .         Harm     .   (no gloves)
MR       +....                  g - -1 pair of boots (curse)
Stlth    ..........             (no amulet)
HPRegen  0.14/turn              l - ring of protection from magic
MPRegen  0.09/turn              o - ring of protection from cold

@: no status effects
A: change form in water, swift swim, stealthy swim
a: no special abilities


You were on level 4 of the Dungeon.
You were not hungry.

You visited 1 branch of the dungeon, and saw 4 of its levels.

You collected 214 gold pieces.

Inventory:

Hand Weapons
 a - a +0 trident (weapon)
Armour
 b - a +0 scale mail (worn)
 c - a +0 shield (worn)
 g - a cursed -1 pair of boots (worn)
   (You found it on level 1 of the Dungeon)
Jewellery
 h - an uncursed ring of ice {unknown}
   (You found it on level 2 of the Dungeon)
 k - a +3 ring of protection {unknown}
   (You found it on level 1 of the Dungeon)
 l - a ring of protection from magic (left hand)
   (You found it on level 1 of the Dungeon)
 o - a ring of protection from cold (right hand)
   (You found it on level 1 of the Dungeon)
 t - a +3 ring of protection {unknown}
   (You found it on level 2 of the Dungeon)
 y - an uncursed ring of protection from cold
   (You found it on level 4 of the Dungeon)
Scrolls
 f - 2 scrolls of identify {unknown}
 i - 2 scrolls of amnesia {unknown}
 j - a scroll of enchant weapon {unknown}
 n - 2 scrolls of teleportation {unknown}
 p - 5 scrolls of magic mapping {unknown}
 r - 4 scrolls of remove curse {unknown}
Potions
 d - 2 potions of might
 m - a potion of berserk rage {unknown}
 q - a potion of cancellation {unknown}
 s - a potion of haste {unknown}
 u - 3 potions of heal wounds {unknown}
 v - a potion of curing {unknown}
 x - a potion of agility {unknown}
 z - a potion of degeneration {unknown}
Comestibles
 e - 7 rations {!d}
 w - 2 chunks of flesh


   Skills:
 + Level 4.0 Fighting
 * Level 5.5 Polearms
 + Level 2.8 Armour
 * Level 4.4 Shields


You had 4 spell levels left.
You didn't know any spells.
Your spell library was empty.

Dungeon Overview and Level Annotations

Branches:
Dungeon (4/15)
 Temple: D:4-7

Altars:
Dithmenos
Gozag
Makhleb


Message History

You feel sick.
You feel sick.
You feel sick.
You feel sick.
You are no longer poisoned.
Found a rapier.
You see here a rapier.
Found 15 stones and 8 gold pieces.
Found a scroll labeled CONUAR LYRPH.
You now have 200 gold pieces (gained 8).
r - 4 scrolls labeled CONUAR LYRPH (gained 1)
There is a stone staircase leading down here.
Found a stone staircase leading up.
There is a stone staircase leading up here.
Found a stone staircase leading down.
Found 14 gold pieces.
You now have 214 gold pieces (gained 14).
Found a scroll labeled MICAUWN KIUDO.
Found a stone staircase leading up.
An ogre comes into view. It is wielding a -2 giant club.
The ogre shouts!
An ogre is nearby!
An ogre is nearby!
Okay, then.
Wear which item? (? for menu, Esc to quit)
Okay, then.
Put on which piece of jewellery? (? for menu, Esc to quit)
q - a ring of protection from magic (left hand)
l - a ring of protection from magic (left hand)
q - a green potion Put on which piece of jewellery? (? for menu, Esc to quit)
j - a ring of protection from cold (right hand)
o - a ring of protection from cold (right hand)
j - a scroll labeled JAOMON FYSM Attack whom?
Aim: an ogre, wielding a -2 giant club You reach to attack!
You hit the ogre but do no damage. You hit the ogre.
You block the ogre's attack.
You puncture the ogre! The ogre barely misses you.
You closely miss the ogre. You block the ogre's attack.
You completely miss the ogre.
The ogre hits you with a cursed -2 giant club!
You puncture the ogre!
The ogre hits you with a cursed -2 giant club!
* * * LOW HITPOINT WARNING * * *
Attack whom?
Aim: an ogre, wielding a -2 giant club (almost dead)
You reach to attack!
You hit the ogre.
The ogre hits you with a cursed -2 giant club!!
You die...

##### #... ##########.##
#.?.....O@..#
#.....######..# #.....
#..# ..<.... ######.##
#. ##............>.##
...
#.....#.........#####..#
.........#####.........#
####.## #.#.###..#+
#.#.##..##


You could see an ogre.

Vanquished Creatures
  A scorpion (D:4)
  An orc wizard (D:3)
  A worker ant (D:4)
  A gnoll (D:1)
  5 adders
  3 worms (D:3)
  4 dart slugs
  A leopard gecko (D:1)
  3 orcs (D:3)
  4 giant cockroaches
  11 hobgoblins
  A ball python (D:1)
  A ball python skeleton (D:4)
  2 bats
  4 frilled lizards
  6 goblins
  4 kobolds
  4 rats
57 creatures vanquished.

Notes
Turn   | Place    | Note
-------+----------+-------------------------------------------
     0 | D:1      | MalarOregon the Merfolk Fighter began the quest for the
                  | Orb.
     0 | D:1      | Reached XP level 1. HP: 18/18 MP: 1/1
   213 | D:1      | Reached XP level 2. HP: 24/24 MP: 2/2
   462 | D:1      | Reached XP level 3. HP: 26/29 MP: 3/3
   836 | D:2      | Found a shadowy altar of Dithmenos.
   923 | D:2      | Reached skill level 4 in Polearms
  1137 | D:2      | Found a faded altar of an unknown god.
  1260 | D:2      | Found a burning altar of Makhleb.
  1260 | D:2      | Noticed a balrug
  1263 | D:2      | Noticed a smoke demon
  1263 | D:2      | Noticed a ynoxinul
  1534 | D:3      | Reached XP level 4. HP: 37/37 MP: 4/4
  1757 | D:3      | Found an opulent altar of Gozag.
  2203 | D:3      | Reached XP level 5. HP: 28/42 MP: 5/5
  2461 | D:3      | Reached skill level 5 in Polearms
  2844 | D:4      | Noticed an ogre
  2860 | D:4      | Mangled by an ogre

Skill      XL: |  1  2  3  4  5 |
---------------+----------------+-----
Polearms       | 4 5 |  5.5
Shields        | 4 |  4.4
Fighting       | 4 |  4.0
Armour         | |  2.8

Action                   |  1- 3 |  4- 6 || total
-------------------------+-------+-------++-------
Melee: Trident           |   101 |   114 ||   215
  Eat: Chunk             |     2 |     4 ||     6
Armor: Scale mail        |    22 |    34 ||    56
Dodge: Dodged            |    15 |    16 ||    31
Block: Shield            |    27 |    28 ||    55
